Map: Disco Bloodbath LE

Players

Ratl - Winner!

  • Race: Zerg Zerg
  • Spawn Location: 9:00

VOD

Have the link to the VOD?

Description

Time

  • Played on: Oct. 28, 2019, 12:57 p.m.
  • Length: 12:22
Show
View Real Time Build Order
Export as new Build Order

Ratl Zerg - Winner!

Build Orders:  

Get SALT Encoding   

  12  0:12  Drone  
  12  0:14  Drone  
  14  0:31  Overlord  
  14  0:58  Drone  
  14  0:59  Drone  
  16  1:24  Drone x2  
  18  1:33  Extractor  
  18  1:38  Overlord  
  17  2:00  Evolution Chamber, Spawning Pool  
  17  2:04  Drone x2  
  17  2:22  Drone  
  18  2:33  Drone  
  19  2:49  Overlord  
  19  3:06  Queen  
  21  3:10  Zergling x2  
  22  3:23  Drone  
  23  3:34  Drone  
  24  3:57  Extractor  
  25  4:07  Roach Warren  
  24  4:16  Drone x3  
  27  4:39  Drone  
  25  4:54  Lair  
  25  5:05  Roach  
  25  5:06  Zergling x4  
  25  5:07  Zergling x2  
  30  5:32  Drone  
  31  5:59  Drone x2  
  33  6:11  Metabolic Boost  
  33  6:15  Pneumatized Carapace  
  33  6:33  Hatchery  
  33  6:34  Extractor  
  31  6:52  Hydralisk Den  
  30  7:02  Zergling x4  
  30  7:03  Zergling x4, Roach  
  36  7:10  Zerg Melee Weapons Level 1  
  36  7:33  Drone x2  
  38  8:07  Overlord x4  
  38  8:18  Drone  
  39  8:24  Queen  
  41  8:40  Drone x2  
  41  8:46  Hydralisk x2  
  46  9:07  Hydralisk  
  46  9:09  Zergling x4  
  50  9:36  Unknown  
  50  9:50  Hydralisk x2  
  50  9:51  Hydralisk  
  56  10:06  Zergling x6  
  56  10:07  Zergling x4  
  61  10:18  Drone  
  62  11:15  Unknown  
  55  12:16  Spire  
Tags
 
Add a new tag
Caveats
  • Supply blocks, unpowered buildings, or Contaminate may cause inaccurate times.
  • Supply counts are checked every 10 seconds.